 Dungeon Crawl Stone Soup version 0.31-a0-174-g85c54bcb58 (webtiles) character file.

Game seed: 15194736350674996706

1105 MacCMillion the Chiller (level 8, -5/58 HPs)
             Began as a Gnoll Ice Elementalist on June 15, 2023.
             Was a Follower of Cheibriados.
             Slain by Menkaure (12 damage)
             ... on level 6 of the Dungeon.
             The game lasted 00:06:25 (6363 turns).

MacCMillion the Chiller (Gnoll Ice Elementalist)    Turns: 6363, Time: 00:06:25

Health: -5/58      AC: 11    Str:  9    XL:     8   Next: 32%
Magic:  16/17      EV: 14    Int: 19    God:    Cheibriados [*.....]
Gold:   144        SH:  0    Dex: 15    Spells: 3/19 levels left

rFire   + . .        f - +0 dagger
rCold   . . .        (no shield)
rNeg    . . .        t - +2 leather armour {rF+}
rPois   .            (no helmet)
rElec   .            u - scarf {repulsion}
rCorr   .            (no gloves)
SInv    .            (no boots)
Will    .....        r - amulet of magic regeneration
Stlth   +++          (no ring)
HPRegen 0.29/turn    (no ring)
MPRegen 0.55/turn

%: repel missiles
@: ice-armoured, very slow
A: fangs 1, strong nose, distributed training
a: Renounce Religion, Bend Time


You were on level 6 of the Dungeon.
You worshipped Cheibriados.
Cheibriados was aware of your devotion.
You visited 2 branches of the dungeon, and saw 7 of its levels.

You collected 144 gold pieces.

Inventory:

Hand Weapons
 f - a +0 dagger (weapon)
Armour
 a - a +0 robe
 t - a +2 leather armour of fire resistance (worn)
 u - a scarf of repulsion (worn)
Jewellery
 r - an amulet of magic regeneration (around neck)
Wands
 i - a wand of paralysis (17)
 s - a wand of flame (6)
Scrolls
 c - a scroll of immolation
 j - 2 scrolls of revelation {unknown}
 k - 2 scrolls of fog {unknown}
 l - a scroll of blinking {unknown}
 m - a scroll of teleportation {unknown}
 n - a scroll of vulnerability {unknown}
 o - 2 scrolls of enchant armour {unknown}
 q - a scroll of acquirement {unknown}
 v - a scroll of amnesia {unknown}
 w - a scroll of noise {unknown}
 x - 3 scrolls of butterflies {unknown}
Potions
 b - 2 potions of magic
 d - a potion of degeneration
 e - a potion of enlightenment
 g - 5 potions of curing
 p - 2 potions of attraction
 z - a potion of heal wounds {unknown}
 A - a potion of brilliance {unknown}


   Skills:
 + Level 3.3 Fighting
 + Level 3.3 Short Blades
 + Level 3.3 Long Blades
 + Level 3.3 Axes
 + Level 3.3 Maces & Flails
 + Level 3.3 Polearms
 + Level 3.3 Staves
 + Level 3.3 Ranged Weapons
 + Level 3.3 Throwing
 + Level 3.3 Armour
 + Level 5.7 Dodging
 + Level 5.4 Stealth
 + Level 3.3 Shields
 + Level 3.3 Unarmed Combat
 + Level 6.0 Spellcasting
 + Level 2.6 Conjurations
 + Level 2.6 Hexes
 + Level 2.6 Summonings
 + Level 2.6 Necromancy
 + Level 2.6 Translocations
 + Level 2.6 Transmutations
 + Level 2.6 Fire Magic
 + Level 7.6 Ice Magic
 + Level 2.6 Air Magic
 + Level 2.6 Earth Magic
 + Level 2.6 Poison Magic
 + Level 3.6 Invocations
 + Level 3.3 Evocations


You had 3 spell levels left.
You knew the following spells:

 Your Spells              Type           Power      Damage    Failure   Level
a - Freeze                Ice            100%       1d10      1%          1
b - Frozen Ramparts       Ice            68%        1d11      1%          3
c - Ozocubu's Armour      Ice            34%        N/A       1%          3
d - Summon Ice Beast      Ice/Summ       25%        N/A       19%         4
e - Freezing Cloud        Conj/Ice/Air   11%        6-21      56%         5

Your spell library contained the following spells:

 Spells                   Type           Power      Damage    Failure   Level
 Magic Dart               Conj           60%        1d6       4%          1
 Shock                    Conj/Air       60%        1d6       4%          1
 Cigotuvi's Dreadful Rot  Necr/Pois/Air  30%        N/A       8%          2
 Searing Ray              Conj           30%        2d5       8%          2
 Ignite Poison            Fire/Tmut/Pois 15%        N/A       16%         3
 Swiftness                Air            15%        N/A       16%         3
 Airstrike                Air            7%         2d(2-18)  45%         4
 Fulminant Prism          Conj/Hex       7%         3d7       45%         4


Dungeon Overview and Level Annotations

Branches:
Dungeon (6/15)             Temple (1/1) D:4

Altars:
Ashenzari
Cheibriados
Dithmenos
Elyvilon
Fedhas
Gozag
Hepliaklqana
Makhleb
Nemelex Xobeh
Okawaru
Qazlal
Ru
Sif Muna
Trog
Vehumet
Xom
Yredelemnul
Zin
The Shining One

Shops:
D:5 [

Annotations:
D:3 3 runed translucent doors, Sigmund; mojasp's ghost, amateur DsFi
D:4 Grinder
D:6 2 transporters, Menkaure


Innate Abilities, Weirdness & Mutations

You have very sharp teeth.
Your uncanny sense of smell can sniff out nearby items.
Your experience applies equally to all skills.


Message History

The kobold demonologist shouts!
Found a transporter.
The orc priest shouts!
You hear a shout!
The shadow imp shouts!
You hear a shout!
Found a leather armour and a falchion.
Found a transporter.
The shadow imp picks up a beetle and eats it.
Menkaure, Prince of Dust comes into view.
Menkaure shouts!
Menkaure calls on the powers of darkness!
Your body is wracked with pain!
Menkaure is nearby!
You start resting.
Menkaure is nearby!
Menkaure barely misses you.
Casting: Frozen Ramparts (safe; 1% risk of failure)
Confirm with . or Enter, or press ? or * to list all spells.
A film of ice covers your body! Menkaure barely misses you.
You hit Menkaure. You punch Menkaure. You bite Menkaure, but do no damage.
Menkaure is lightly damaged.
Menkaure casts a spell.
Menkaure seems to speed up.
You hit Menkaure but do no damage. You punch Menkaure, but do no damage.
Menkaure is lightly damaged.
Menkaure hits you.
You are too injured to fight recklessly!
You are too injured to fight recklessly!
You are too injured to fight recklessly!
You hit Menkaure. Your bite misses Menkaure.
Menkaure is moderately damaged.
Menkaure hits you!
* * * LOW HITPOINT WARNING * * *
You hit Menkaure. You bite Menkaure, but do no damage.
Menkaure is heavily damaged.
Menkaure hits you!
* * * LOW HITPOINT WARNING * * *
You hit Menkaure.
Menkaure is severely damaged.
Menkaure hits you!
You die...

#..........#.##
##########.########.#
...........# #####.##
##########.# #..<.#..
#.# #.#.###. ##.##
#.)## ##
#...###.#.###.
######.#........#.#
#.@............#.##
#M###.#######..#.##
#. #.# #.......... #.
#.# #.######.## #.
#.# #.# #.# #. #.#
#)# #.# #. #.# #.#
#.# #. #.# #.# #.#
#.# #.# #.##


You could see Menkaure (fast).

Vanquished Creatures
  Edmund (D:6)
  A sky beast (D:6)
  2 black bears
  An ice beast (D:5)
  Blork the orc (D:6)
  4 bullfrogs (D:6)
  A jelly (D:5)
  A hound (D:5)
  3 orc priests
  An iguana (D:5)
  An orc wizard (D:5)
  2 adders
  3 worms
  3 dart slugs
  8 orcs
  2 endoplasms (D:2)
  3 giant cockroaches
  5 hobgoblins
  7 jackals
  6 quokkas
  9 ball pythons
  3 bats
  7 goblins
  5 kobolds
  2 rats (D:1)
82 creatures vanquished.

Notes
Turn   | Place    | Note
-------+----------+-------------------------------------------
     0 | D:1      | MacCMillion the Gnoll Ice Elementalist began the quest for
                  | the Orb.
     0 | D:1      | Reached XP level 1. HP: 13/13 MP: 6/6
   122 | D:1      | Reached XP level 2. HP: 19/19 MP: 4/7
   983 | D:2      | Reached skill level 5 in Spellcasting
   983 | D:2      | Reached XP level 3. HP: 25/25 MP: 5/9
   991 | D:2      | Learned a level 3 spell: Frozen Ramparts
   995 | D:2      | Learned a level 3 spell: Ozocubu's Armour
  1179 | D:2      | Reached skill level 1 in Invocations
  1319 | D:2      | Reached skill level 1 in Fighting
  1319 | D:2      | Reached skill level 1 in Short Blades
  1319 | D:2      | Reached skill level 1 in Long Blades
  1319 | D:2      | Reached skill level 1 in Axes
  1319 | D:2      | Reached skill level 1 in Maces & Flails
  1319 | D:2      | Reached skill level 1 in Polearms
  1319 | D:2      | Reached skill level 1 in Staves
  1319 | D:2      | Reached skill level 1 in Ranged Weapons
  1319 | D:2      | Reached skill level 1 in Throwing
  1319 | D:2      | Reached skill level 1 in Armour
  1319 | D:2      | Reached skill level 1 in Shields
  1319 | D:2      | Reached skill level 1 in Unarmed Combat
  1319 | D:2      | Reached skill level 1 in Evocations
  2112 | D:2      | Reached XP level 4. HP: 32/32 MP: 11/11
  2344 | D:3      | Found a runed translucent gate.
  2344 | D:3      | Found a runed translucent gate.
  2346 | D:3      | Found a runed translucent gate.
  2393 | D:3      | Found a glowing silver altar of Zin.
  2630 | D:3      | Noticed Sigmund
  2681 | D:3      | Reached skill level 1 in Conjurations
  2681 | D:3      | Reached skill level 1 in Hexes
  2681 | D:3      | Reached skill level 1 in Summonings
  2681 | D:3      | Reached skill level 1 in Necromancy
  2681 | D:3      | Reached skill level 1 in Translocations
  2681 | D:3      | Reached skill level 1 in Transmutations
  2681 | D:3      | Reached skill level 1 in Fire Magic
  2681 | D:3      | Reached skill level 1 in Air Magic
  2681 | D:3      | Reached skill level 1 in Earth Magic
  2681 | D:3      | Reached skill level 1 in Poison Magic
  3109 | D:3      | Noticed mojasp's ghost (amateur DsFi)
  3170 | D:4      | Noticed Grinder
  3206 | D:4      | Reached XP level 5. HP: 37/37 MP: 8/12
  3583 | D:4      | Found a staircase to the Ecumenical Temple.
  3606 | D:4      | Noticed a black bear
  3615 | Temple   | Entered the Ecumenical Temple
  3841 | Temple   | Became a worshipper of Cheibriados the Contemplative
  3864 | D:4      | Killed a black bear
  4113 | D:4      | Reached XP level 6. HP: 39/44 MP: 10/14
  4115 | D:4      | Reached skill level 5 in Dodging
  4240 | D:4      | Found a white marble altar of Elyvilon.
  4287 | D:5      | Entered Level 5 of the Dungeon
  4385 | D:5      | Found Domososesa's Armour Emporium.
  4782 | D:5      | Noticed an ice beast
  4814 | D:5      | Killed an ice beast
  4815 | D:5      | Reached XP level 7. HP: 25/51 MP: 10/15
  4913 | D:5      | Learned a level 4 spell: Summon Ice Beast
  4919 | D:5      | Learned a level 5 spell: Freezing Cloud
  5447 | D:5      | Found a broken altar of Ashenzari.
  5720 | D:6      | Reached skill level 5 in Stealth
  5726 | D:6      | Reached * piety under Cheibriados
  5914 | D:6      | Reached XP level 8. HP: 58/58 MP: 12/16
  5920 | D:6      | Noticed Edmund
  5933 | D:6      | Killed Edmund
  5956 | D:6      | Noticed Blork the orc
  5966 | D:6      | Killed Blork the orc
  6319 | D:6      | Noticed a kobold demonologist
  6322 | D:6      | Found a transporter.
  6327 | D:6      | Found a transporter.
  6350 | D:6      | Noticed Menkaure
  6363 | D:6      | Slain by Menkaure

Illustrated notes

Levels and vault maps discovered:
D:1:      psy_arrival_spokes, layout_basic
D:2:      layout_basic, grunt_ministairs_1
D:3:      layout_loops_ring, mainiacjoe_overflow_six_doors_small,
          gammafunk_ghost_necromancy, uniq_sigmund
D:4:      layout_cave_pools, nicolae_elyvilon_temple_path,
          minmay_temple_entry_arrows, nicolae_nh_ransacked_shop, uniq_grinder
D:5:      layout_layer_cave, grunt_ashenzari_visionary
          [grunt_ashenzari_visionary_swamp, grunt_ashenzari_visionary_snake],
          serial_shops, nicolae_shop_peninsula
D:6:      gammafunk_wand_slinger, layout_loops_ring, uniq_blork_the_orc,
          uniq_edmund, uniq_menkaure
Temple:   compressed_dpeg_triangle_lava_temple

Skill      XL: |  1  2  3  4  5  6  7  8 |
---------------+-------------------------+-----
Spellcasting   | 5 6 |  6.0
Invocations    | 1 2 3 |  3.6
Fighting       | 1 2 3 |  3.3
Short Blades   | 1 2 3 |  3.3
Long Blades    | 1 2 3 |  3.3
Axes           | 1 2 3 |  3.3
Maces & Flails | 1 2 3 |  3.3
Polearms       | 1 2 3 |  3.3
Staves         | 1 2 3 |  3.3
Ranged Weapons | 1 2 3 |  3.3
Throwing       | 1 2 3 |  3.3
Armour         | 1 2 3 |  3.3
Shields        | 1 2 3 |  3.3
Unarmed Combat | 1 2 3 |  3.3
Evocations     | 1 2 3 |  3.3
Conjurations   | 1 2 |  2.6
Hexes          | 1 2 |  2.6
Summonings     | 1 2 |  2.6
Necromancy     | 1 2 |  2.6
Translocations | 1 2 |  2.6
Transmutations | 1 2 |  2.6
Fire Magic     | 1 2 |  2.6
Air Magic      | 1 2 |  2.6
Earth Magic    | 1 2 |  2.6
Poison Magic   | 1 2 |  2.6
Dodging        | 5 |  5.7
Stealth        | 5 |  5.4
Ice Magic      | |  7.6

Action                     |  1- 3 |  4- 6 |  7- 9 || total
---------------------------+-------+-------+-------++-------
  Melee: Unarmed           |     7 |       |       ||     7
         Dagger            |    13 |    52 |    34 ||    99
         Bite              |     1 |     5 |     8 ||    14
         Punch             |     1 |       |     2 ||     3
   Cast: Freeze            |    31 |    20 |     3 ||    54
         Frozen Ramparts   |     9 |     9 |     8 ||    26
         Ozocubu's Armour  |       |     2 |     6 ||     8
    Use: Scroll            |       |       |     5 ||     5
   Stab: Sleeping          |       |       |     1 ||     1
 Armour: Robe              |     3 |     4 |       ||     7
         Leather armour    |       |    23 |     6 ||    29
  Dodge: Dodged            |    33 |    46 |    17 ||    96
         Repelled          |       |       |     1 ||     1

Table legend: (Time is in decaauts)
 A = Elapsed time spent in this place.
 B = Non-inter-level travel time spent in this place.
 C = Inter-level travel time spent in this place.
 D = Time resting spent in this place.
 E = Time spent auto-exploring this place.
 F = Levels seen in this place.
 G = Mean time per level.
                   A        B        C        D        E       F      G
               +--------+--------+--------+--------+--------+-----+--------+
         Total |   6892 |   6676 |    216 |   1064 |   4929 |   7 |  984.6 |
       Dungeon |   6642 |   6448 |    194 |   1064 |   4731 |   6 | 1107.0 |
        Temple |    249 |    228 |     21 |      0 |    198 |   1 |  249.0 |
               +--------+--------+--------+--------+--------+-----+--------+

Top non-repeatable levels by time:
     D:5: 1801 daAuts
     D:2: 1304 daAuts
     D:4: 999 daAuts
     D:1: 974 daAuts
     D:3: 861 daAuts
     D:6: 702 daAuts
  Temple: 249 daAuts
